 Dungeon Crawl Stone Soup version 0.17-a0-2007-g96ac4c4 (webtiles) character file.

2088 Ordine the Fighter (level 9, 0/68 HPs)
             Began as an Octopode Fighter on Oct 9, 2015.
             Splashed by a jelly's acid (10 damage)
             ... on level 7 of the Dungeon.
             The game lasted 00:26:13 (7063 turns).

Ordine the Fighter (Octopode Fighter)               Turns: 7063, Time: 00:26:13

Health: 0/68       AC: -7    Str: 18    XL:     9   Next: 27%
Magic:  9/9        EV: 10    Int: 10    God:
Gold:   242        SH:  9    Dex: 12    Spells: 0 memorised, 8 levels left

rFire  . . .     SeeInvis .     a - +1 long sword
rCold  . . .     Clarity  .     b - +0 shield
rNeg   . . .     SustAt   +     (helmet restricted)
rPois  .         Gourm    .     r - amulet of regeneration
rElec  .         Spirit   .     p - ring of sustain attributes
rCorr  .         Warding  .     v - ring of protection from magic
rMut   .         Stasis   .     (no ring)
MR     +....                    (no ring)
Stlth  ++........               (no ring)
                                (no ring)
                                (no ring)
                                (no ring)

@: corroded equipment, somewhat resistant to hostile enchantments, unstealthy
A: almost no armour, amphibious, 8 rings, constrict 8, antennae 1, camouflage 1,
clumsy 1, regeneration 1, strong 1, gelatinous body 1
a: no special abilities


You were on level 7 of the Dungeon.
You were very hungry.

You visited 2 branches of the dungeon, and saw 8 of its levels.
You also visited: Sewer.

You collected 242 gold pieces.

Inventory:

Hand Weapons
 a - a +1 long sword (weapon)
 A - a +0 blowgun
Missiles
 f - 72 stones
 j - 76 poisoned needles
 q - 11 tomahawks
 x - 5 curare-tipped needles
 D - 2 javelins
 H - a throwing net (quivered)
Armour
 b - a +0 shield (worn)
Jewellery
 p - a ring of sustain attributes (left tentacle)
 r - an amulet of regeneration (around mantle)
 u - an uncursed ring of teleportation
 v - a ring of protection from magic (right tentacle)
Wands
 t - a wand of magic darts (18)
 E - a wand of frost (17)
Scrolls
 g - 5 scrolls of remove curse
 i - 2 scrolls of blinking
 n - 3 scrolls of recharging
 w - 4 scrolls of fog
 y - a scroll of teleportation
 G - a scroll of enchant armour {unknown}
Potions
 c - a potion of might
 e - 2 potions of agility
 h - 2 potions of invisibility
 l - a potion of flight {unknown}
 o - 5 potions of curing
 s - a potion of lignification {unknown}
 z - a potion of resistance {unknown}
 C - a potion of cancellation {unknown}
 F - a potion of heal wounds {unknown}
Books
 B - a Necronomicon

   Spells                             Type                      Level
   a - Haunt                          Necromancy/Summoning         7
   b - Borgnjor's Revivification      Necromancy                   8
   c - Death's Door                   Charms/Necromancy            8
   d - Necromutation                  Transmutation/Necromancy     8
 J - a book of the Warp

   Spells                             Type                      Level
   a - Recall                         Summoning/Translocation      3
   b - Gell's Gravitas                Hexes/Translocation          3
   c - Force Lance                    Conjuration/Translocation    4
   d - Phase Shift                    Translocation                5
   e - Warp Weapon                    Charms/Translocation         5
   f - Summon Forest                  Summoning/Translocation      5
Comestibles
 d - 5 bread rations
 k - 3 meat rations
 m - 3 slices of pizza


   Skills:
 + Level 9.0 Fighting
 + Level 8.7 Long Blades
 - Level 3.0 Dodging
 - Level 3.0 Shields


You had 8 spell levels left.
You didn't know any spells.

Dungeon Overview and Level Annotations

Branches:
Dungeon (7/15)             Temple (1/1) D:5

Altars:
Ashenzari
Cheibriados
Elyvilon
Fedhas
Gozag
Kikubaaqudgha
Makhleb
Nemelex Xobeh
Ru
Sif Muna
Trog
Vehumet
Xom
Yredelemnul
Zin
The Shining One

Shops:
D:5 [

Annotations:
D:7 Duvessa


Innate Abilities, Weirdness & Mutations

You cannot wear most types of armour.
You are amphibious.
You can wear up to eight rings at the same time.
You can use your tentacles to constrict eight enemies at once.
Your skin changes colour to match your surroundings (Stealth).
Your rubbery body absorbs attacks (AC +1).
You have a pair of small antennae on your head.
You are clumsy. (Dex -2)
Your natural rate of healing is unusually fast.
Your muscles are strong. (Str +2)


Message History

The acid burns!
* * * LOW HITPOINT WARNING * * *
Unknown command.
You hit the jelly.
Your tentacles burn!
* * * LOW HITPOINT WARNING * * *
You squeeze the jelly, but do no damage.
The jelly is lightly wounded.
The jelly barely misses you.
Drink which item? (? for menu, Esc to quit)
Okay, then.
Drink which item? (? for menu, Esc to quit)
You feel better. The jelly hits you.
You are splashed with acid!
The acid burns!
* * * LOW HITPOINT WARNING * * *
You completely miss the jelly.
The jelly is lightly wounded.
The jelly hits you.
* * * LOW HITPOINT WARNING * * *
You are splashed with acid!
The acid corrodes you!
The acid burns!
You die...

. . #########..
.........#'###.
.........' ..'
.........#..# #
.........#'##..
.......).......
.......@J...... ##
.......(.......
#.#####+#####(#......
............<.###'#..
.............).# .# .
...............#...
................'...'
...............#...#
.#.(........)#.#'###+#


You could see a jelly.

Vanquished Creatures
  The ghost of Vex the Ruffian, an amateur TrMo (Sewer)
  Purgy (Sewer)
  A sky beast (D:6)
  A centaur (D:7)
  2 necrophages (D:6)
  4 ogres
  A big kobold (D:6)
  2 giant frogs (D:6)
  2 scorpions
  Dowan (D:7)
  2 crimson imps
  A giant frog skeleton (D:6)
  An orc priest (D:5)
  Crazy Yiuf (D:3)
  A hound (D:4)
  Jessica (D:3)
  3 orc wizards
  3 worker ants
  A hound zombie (D:6)
  3 hound skeletons
  3 gnolls (D:6)
  13 adders
  2 oozes
  An adder zombie (D:5)
  4 worms
  21 orcs
  5 ball pythons
  12 bats
  11 giant cockroaches
  4 hobgoblins
  14 kobolds
  4 quokkas
  A ball python skeleton (D:4)
  2 giant geckos (D:5)
  9 giant newts
  7 goblins
  8 jackals
  10 rats
164 creatures vanquished.

Notes
Turn   | Place    | Note
--------------------------------------------------------------
     0 | D:1      | Ordine the Octopode Fighter began the quest for the Orb.
     0 | D:1      | Reached XP level 1. HP: 16/16 MP: 1/1
   188 | D:1      | Reached XP level 2. HP: 21/21 MP: 2/2
   680 | D:2      | Reached XP level 3. HP: 26/26 MP: 3/3
  1093 | D:2      | Reached XP level 4. HP: 33/33 MP: 4/4
  1130 | D:2      | Found a shattered altar of Ashenzari.
  1138 | D:2      | Reached skill level 4 in Fighting
  1814 | D:3      | Noticed Crazy Yiuf
  1824 | D:3      | Killed Crazy Yiuf
  1824 | D:3      | Reached XP level 5. HP: 26/38 MP: 5/5
  1932 | D:3      | Noticed Jessica
  1941 | D:3      | Killed Jessica
  2110 | D:3      | Found a glowing golden altar of the Shining One.
  2175 | D:3      | Found a shimmering altar of Xom.
  2175 | D:3      | Found a bloodstained altar of Trog.
  2284 | D:3      | Found a bloodstained altar of Trog.
  2937 | D:4      | Reached skill level 5 in Fighting
  2937 | D:4      | Reached XP level 6. HP: 38/45 MP: 6/6
  3205 | D:4      | Reached skill level 5 in Long Blades
  3466 | D:4      | Found a sparkling altar of Nemelex Xobeh.
  3570 | D:5      | Entered Level 5 of the Dungeon
  3627 | D:5      | Reached XP level 7. HP: 49/51 MP: 7/7
  3818 | D:5      | Found Cionniq's Antique Armour Boutique.
  3864 | D:5      | Got a shimmering whip
  3865 | D:5      | Identified the +4 whip of Ryothraups {flame, Str+3} (You found it on level 5 of the Dungeon)
  3885 | D:5      | Reached skill level 6 in Fighting
  3959 | D:5      | Found a staircase to the Ecumenical Temple.
  4442 | Temple   | Entered the Ecumenical Temple
  4578 | D:6      | HP: 1/53 [something (6)]
  4590 | D:6      | Gained mutation: You have a pair of small antennae on your head. [mutagenic meat]
  4591 | D:6      | Gained mutation: You are clumsy. (Dex -2) [mutagenic meat]
  4592 | D:6      | Gained mutation: Your muscles are strong. (Str +2) [mutagenic meat]
  4593 | D:6      | Gained mutation: Your natural rate of healing is unusually fast. [mutagenic meat]
  4602 | D:6      | Reached XP level 8. HP: 19/58 MP: 8/8
  4694 | D:6      | Reached skill level 7 in Fighting
  4793 | D:6      | Found a glowing drain.
  4805 | Sewer    | Entered a sewer
  4851 | Sewer    | Noticed Vex's ghost (amateur TrMo)
  4866 | Sewer    | Killed Vex's ghost
  4903 | Sewer    | Noticed Purgy
  4913 | Sewer    | Killed Purgy
  5236 | D:6      | Reached skill level 8 in Fighting
  5363 | D:6      | Found a sacrificial altar of Ru.
  5477 | D:6      | Found a radiant altar of Vehumet.
  5664 | D:6      | Reached XP level 9. HP: 67/67 MP: 9/9
  6157 | D:6      | Found a burning altar of Makhleb.
  6343 | D:7      | Noticed Dowan
  6345 | D:7      | Noticed Duvessa
  6350 | D:7      | Killed Dowan
  7060 | D:7      | Reached skill level 9 in Fighting
  7063 | D:7      | Splashed by a jelly's acid

Vault maps used:
D:1:      wheals_arrival_shading, supply_closet_lemuel, st_stairs_3
D:2:      overflow_temple_1_default
D:3:      nicolae_overflow_crystal_walls, gammafunk_temple_overflow_pools,
          hangedman_decor_push, trog_book, uniq_jessica, uniq_crazy_yiuf_cottage
D:4:      first_bread, nemelex_altar_shiori
D:5:      serial_shops, shop
D:6:      vehumet_altar_wand_db, makhleb_blood_cavern_becter,
          overflow_temple_1_default, gup_sewer_entry_bubbles
D:7:      lemuel_coloured_pillars_altar, minmay_misc_feat_more_columns,
          uniq_duvessa
Temple:   temple_eino_lava_8
Sewer:    sewer_co_purgy_island

Action                   |  1- 3 |  4- 6 |  7- 9 || total
-------------------------+-------+-------+-------++-------
Melee: Long sword        |    66 |   122 |   179 ||   367
Throw: Stone             |       |     3 |       ||     3
       Throwing net      |       |       |     1 ||     1
Evoke: Wand              |       |     3 |     7 ||    10
  Use: Scroll            |     5 |     7 |     3 ||    15
       Potion            |       |     4 |     4 ||     8
 Stab: Sleeping          |     6 |    11 |     7 ||    24
       Paralysed         |       |     2 |     2 ||     4
       Distracted        |       |       |     1 ||     1
  Eat: Chunk             |     1 |     9 |    13 ||    23
       Fruit             |       |       |     3 ||     3
